Map: Орбитальная верфь

Players

KoryHold - Winner!

  • Race: Terran Terran
  • Spawn Location: 7:00

ИИ 1 (эксперт)

  • Race: Protoss Protoss
  • Spawn Location: 1:00

VOD

Have the link to the VOD?

Description

Time

  • Played on: Nov. 26, 2017, 1:17 p.m.
  • Length: 6:10
Show
View Real Time Build Order
Export as new Build Order

KoryHold Terran - Winner!

Build Orders:  

Get SALT Encoding   

  12  0:00  SCV  
  13  0:13  SCV  
  14  0:21  Supply Depot  
  14  0:25  SCV  
  16  0:42  SCV  
  16  0:44  Barracks  
  16  0:48  Refinery  
  16  0:55  SCV  
  17  1:07  SCV  
  18  1:14  Barracks  
  18  1:22  SCV  
  19  1:33  Barracks Tech Lab  
  19  1:34  Supply Depot  
  19  1:40  Orbital Command  
  19  1:57  Marine  
  20  2:02  Barracks  
  20  2:05  Stimpack  
  21  2:11  Marine  
  21  2:18  Marine  
  22  2:30  Barracks Reactor  
  22  2:36  Marine  
  23  2:49  Barracks Reactor  
  23  2:54  Marauder  
  23  2:56  Supply Depot  
  25  3:06  Marine x2  
  27  3:16  Marauder  
  29  3:20  Supply Depot  
  29  3:24  Marine x2  
  29  3:25  Marine x2  
  33  3:37  Marauder  
  35  3:42  Marine x2  
  35  3:43  Marine x2  
  35  3:45  Supply Depot  
  39  3:59  Marauder  
  39  4:00  Marine x2  
  39  4:01  Marine x2  
  45  4:11  Supply Depot  
  45  4:17  Marine  
  45  4:18  Marine x2  
  45  4:19  Marine  
  45  4:20  Marauder  
  51  4:35  Marine x2  
  51  4:36  Marine x2  
  55  4:41  Marauder  
  51  4:53  Marine x2  
  51  4:54  Marine x2  
  55  5:03  Marauder  
  57  5:19  Marine x4  
  61  5:24  Marauder  
  63  5:43  Supply Depot  
Show
View Real Time Build Order
Export as new Build Order

ИИ 1 (эксперт) Protoss 

Build Orders: 1 Gate Expand 

Get SALT Encoding   

  12  0:00  Probe  
  13  0:13  Probe  
  14  0:20  Pylon  
  14  0:25  Probe  
  15  0:38  Probe  
  16  0:48  Assimilator  
  16  0:50  Gateway, Probe  
  17  0:59  Pylon  
  17  1:02  Probe  
  18  1:15  Probe  
  19  1:27  Probe  
  20  1:39  Nexus, Probe  
  21  1:44  Zealot  
  23  1:51  Probe  
  24  2:03  Probe  
  24  2:04  Cybernetics Core  
  25  2:15  Probe  
  26  2:27  Probe  
  27  2:34  Pylon  
  27  2:39  Probe  
  27  2:40  Warp Gate  
  27  2:41  Stalker  
  30  2:44  Gateway  
  30  2:48  Assimilator  
  30  2:51  Probe x2  
  32  3:04  Probe  
  33  3:08  Probe, Pylon  
  33  3:11  Adept  
  36  3:16  Probe  
  37  3:20  Probe  
  38  3:28  Robotics Facility  
  38  3:31  Adept  
  38  3:34  Probe  
  41  3:37  Probe  
  41  3:38  Adept  
  44  3:46  Probe  
  45  3:49  Probe  
  46  3:58  Adept, Probe  
  46  4:01  Probe  
  50  4:05  Adept  
  52  4:10  Probe  
  52  4:13  Probe  
  54  4:21  Robotics Bay  
  54  4:22  Probe, Observer, Pylon  
  56  4:25  Adept, Probe  
  59  4:34  Probe  
  59  4:37  Robotics Facility  
  60  4:41  Pylon  
  60  4:42  Stalker  
  50  4:59  Zealot  
  43  5:05  Zealot  
  41  5:11  Pylon  
  37  5:15  Pylon  
  37  5:19  Stalker  
  33  5:28  Assimilator  
  33  5:35  Probe  
  32  5:36  Assimilator  
  25  5:46  Probe  
  25  5:47  Probe  
  20  6:03  Gateway  
Tags
 
Add a new tag
Caveats
  • Supply blocks, unpowered buildings, or Contaminate may cause inaccurate times.
  • Supply counts are checked every 10 seconds.